Map: Berlingrad LE

Players

SLicKcHeeZEE - Winner!

  • Race: Zerg Zerg
  • League: Bronze

A.I. 1 (Elite)

  • Race: Terran Terran

VOD

Have the link to the VOD?

Description

Time

  • Played on: Sept. 27, 2026, 8 p.m.
  • Length: 11:05
Show
View Real Time Build Order
Export as new Build Order

SLicKcHeeZEE Zerg - Winner!

Build Orders: Hatch First, Roach Hydra 

Get SALT Encoding   

  8  0:01  Drone  
  9  0:11  Drone  
  10  0:17  Drone  
  11  0:27  Overlord  
  11  0:33  Drone  
  12  0:45  Drone x2  
  14  0:51  Drone  
  15  1:13  Hatchery  
  15  1:17  Drone  
  15  1:20  Drone  
  15  1:24  Drone  
  17  1:40  Spawning Pool  
  17  1:43  Drone  
  17  1:47  Extractor  
  16  1:48  Drone  
  16  1:51  Drone  
  18  2:00  Drone  
  19  2:15  Overlord  
  19  2:26  Queen  
  19  2:28  Queen  
  23  2:34  Zergling x2, Drone  
  23  2:36  Drone  
  26  2:40  Drone  
  26  2:43  Drone  
  28  2:46  Extractor  
  27  2:51  Overlord  
  27  3:01  Roach Warren  
  26  3:10  Lair  
  26  3:13  Drone  
  26  3:15  Drone  
  26  3:19  Drone  
  29  3:21  Drone  
  30  3:27  Overlord  
  30  3:42  Roach x2  
  30  3:43  Roach x2  
  38  3:52  Queen  
  40  4:08  Hydralisk Den  
  39  4:14  Glial Reconstitution  
  39  4:16  Overlord  
  39  4:20  Drone x3  
  39  4:22  Drone  
  43  4:24  Drone  
  43  4:26  Drone  
  45  4:40  Hydralisk x2  
  45  4:43  Hydralisk  
  51  4:51  Hydralisk  
  53  4:54  Overlord  
  53  5:01  Extractor, Drone x2  
  53  5:02  Drone  
  53  5:06  Grooved Spines  
  55  5:12  Drone x2  
  55  5:14  Evolution Chamber  
  56  5:15  Drone  
  57  5:36  Overlord  
  57  5:38  Overlord  
  57  5:41  Zerg Missile Weapons Level 1, Hatchery  
  56  5:44  Drone  
  56  5:46  Drone  
  56  5:48  Drone  
  59  5:50  Drone  
  59  5:53  Drone  
  61  6:00  Muscular Augments  
  61  6:03  Drone  
  61  6:04  Drone  
  63  6:19  Roach x2  
  63  6:21  Hydralisk x4  
  75  6:26  Overlord  
  79  6:40  Roach x2  
  79  6:45  Hydralisk  
  79  6:46  Hydralisk x3  
  87  6:49  Overlord  
  87  6:52  Overlord  
  87  7:02  Queen  
  87  7:07  Drone x3  
  92  7:12  Roach x2  
  92  7:13  Roach  
  92  7:15  Hydralisk  
  98  7:18  Hydralisk  
  102  7:30  Overlord  
  102  7:35  Zerg Ground Armor Level 1  
  102  7:38  Roach x3  
  108  7:48  Hydralisk x3  
  108  7:49  Hydralisk  
  116  7:52  Overlord x2  
  116  8:14  Hydralisk  
  116  8:15  Hydralisk x3  
  124  8:23  Overlord x2  
  124  8:32  Zergling x4  
  124  8:33  Zergling x12  
  132  8:38  Overlord x2  
  132  8:45  Hydralisk x3, Roach x3  
  144  8:52  Overlord x2  
  74  10:15  Hydralisk x11  
  74  10:16  Hydralisk x5  
Show
View Real Time Build Order
Export as new Build Order

A.I. 1 (Elite) Terran 

Build Orders:  

Get SALT Encoding   

  8  0:00  SCV  
  9  0:13  SCV  
  10  0:25  SCV  
  11  0:37  SCV  
  12  0:46  Supply Depot  
  12  0:49  SCV  
  13  1:07  SCV  
  14  1:12  Barracks  
  14  1:19  SCV  
  15  1:32  SCV  
  16  1:44  SCV  
  17  1:53  Supply Depot  
  17  1:56  SCV  
  17  1:58  Refinery  
  17  2:00  Marine  
  19  2:08  SCV  
  20  2:18  Marine  
  20  2:20  Barracks, SCV  
  22  2:29  Refinery  
  22  2:32  SCV  
  22  2:36  Marine  
  24  2:44  SCV  
  24  2:45  Supply Depot  
  25  2:53  Marine  
  25  2:56  SCV  
  27  3:08  SCV  
  27  3:09  Factory  
  27  3:11  Marine  
  29  3:14  Marine  
  30  3:20  SCV  
  31  3:29  Marine  
  31  3:32  Marine  
  31  3:33  SCV  
  34  3:45  SCV  
  34  3:47  Marine  
  36  3:50  Barracks  
  36  3:56  Barracks Tech Lab  
  36  3:57  SCV  
  36  3:58  Supply Depot  
  37  4:06  Barracks Tech Lab  
  37  4:09  Factory Tech Lab  
  37  4:20  SCV  
  37  4:24  Marine  
  38  4:27  Marine  
  40  4:32  SCV  
  40  4:33  Stimpack  
  41  4:42  Supply Depot  
  41  4:44  SCV  
  42  4:56  SCV  
  43  5:03  Marine  
  43  5:04  Barracks Reactor, Marauder  
  43  5:05  Combat Shield  
  43  5:06  Supply Depot  
  46  5:08  SCV  
  46  5:12  Command Center  
  47  5:20  SCV  
  48  5:22  Marauder  
  52  5:28  Marauder  
  52  5:32  SCV  
  53  5:40  Engineering Bay  
  53  5:43  Marauder  
  53  5:44  Orbital Command  
  55  5:54  Supply Depot  
  57  5:57  Marauder  
  57  6:04  Marauder  
  57  6:08  Terran Infantry Weapons Level 1  
  61  6:18  Marauder  
  61  6:24  Engineering Bay  
  61  6:25  SCV  
  62  6:26  Marauder, SCV  
  62  6:31  Concussive Shells  
  65  6:34  Marine  
  65  6:36  Marine  
  65  6:37  SCV  
  65  6:38  SCV  
  69  6:44  Marauder  
  71  6:47  Marauder  
  71  6:49  SCV  
  71  6:50  Terran Infantry Armor Level 1  
  71  6:51  Supply Depot  
  71  6:52  SCV  
  75  7:01  SCV  
  75  7:04  SCV  
  75  7:05  Siege Tank  
  80  7:13  SCV  
  80  7:14  Command Center  
  81  7:17  Missile Turret  
  81  7:20  Orbital Command  
  81  7:29  SCV, Supply Depot  
  82  7:34  Missile Turret  
  82  7:37  Siege Tank  
  82  7:41  SCV  
  86  7:46  Barracks  
  86  7:51  Starport  
  86  7:54  Supply Depot  
  86  7:57  Marine  
  87  7:59  Marine  
  88  8:09  Siege Tank  
  88  8:10  Missile Turret  
  91  8:16  Marauder  
  91  8:19  Supply Depot, Marauder  
  95  8:26  SCV, Refinery  
  95  8:27  SCV x2  
  97  8:28  Medivac  
  100  8:38  SCV  
  100  8:39  SCV  
  100  8:40  Orbital Command, Missile Turret  
  102  8:41  Widow Mine  
  102  8:46  Missile Turret  
  104  8:50  Armory, SCV  
  104  8:55  SCV  
  106  9:00  Starport Reactor  
  105  9:02  Siege Tank  
  105  9:03  SCV, Marine  
  105  9:05  Marine x2  
  105  9:06  Marine  
  105  9:07  SCV, Marine  
  105  9:08  SCV  
  100  9:15  SCV  
  76  9:19  SCV  
  76  9:20  SCV  
  76  9:21  Marauder  
  76  9:22  Marine x2  
  76  9:24  Marine  
  83  9:25  Marine  
  83  9:27  SCV  
  83  9:31  SCV  
  86  9:32  SCV  
  86  9:35  Siege Tank  
  86  9:36  Medivac  
  91  9:39  SCV  
  91  9:40  Marine x2  
  91  9:41  Marine  
  91  9:43  Marauder, Marine, SCV  
  100  9:51  SCV  
  98  9:55  SCV  
  98  9:58  Marine  
  94  10:02  Command Center  
  94  10:03  Marine  
  79  10:07  Marine, Siege Tank  
  79  10:12  Marine  
  76  10:18  Marine  
  72  10:23  Marine  
Tags
 
Composition
Roach Hydra
League
Bronze
Matchup
TvZ
Add a new tag
Caveats
  • Supply blocks, unpowered buildings, or Contaminate may cause inaccurate times.
  • Supply counts are checked every 10 seconds.